 Dungeon Crawl Stone Soup version 0.20.2 (webtiles) character file.

723 Alfie the Archer (level 7, -13/60 HPs)
             Began as a Minotaur Hunter on Apr 14, 2020.
             Mangled by an ogre
             ... wielding a +0 giant club
              (18 damage)
             ... on level 6 of the Dungeon.
             The game lasted 00:13:20 (3875 turns).

Alfie the Archer (Minotaur Hunter)                  Turns: 3875, Time: 00:13:21

Health: -13/60     AC:  3    Str: 19    XL:     7   Next: 43%
Magic:  6/6        EV: 12    Int:  8    God:
Gold:   276        SH:  0    Dex: 10    Spells: 5/6 levels left

rFire    . . .     SeeInvis .   a - +2 shortbow
rCold    . . .     Gourm    .   (shield currently unavailable)
rNeg     . . .     Faith    .   c - +0 leather armour
rPois    .         Spirit   .   (helmet restricted)
rElec    .         Reflect  .   (no cloak)
rCorr    .         Harm     .   (no gloves)
MR       .....                  (no boots)
Stlth    +.........             (no amulet)
Regen    0.2/turn               (no ring)
MPRegen  0.1/turn               (no ring)

@: no status effects
A: retaliatory headbutt, horns 2
a: no special abilities


You were on level 6 of the Dungeon.
You were not hungry.

You visited 1 branch of the dungeon, and saw 6 of its levels.

You collected 276 gold pieces.

Inventory:

Hand Weapons
 a - a +2 shortbow (weapon)
 b - a +1 short sword
Missiles
 d - 30 arrows (quivered)
Armour
 c - a +0 leather armour (worn)
 A - a +0 pair of boots
Jewellery
 i - an uncursed amulet of regeneration {unknown}
 m - a cursed -2 ring of protection {unknown}
 n - an uncursed amulet of the gourmand {unknown}
 w - the ring "Atam" {MP+9 Slay+5, unknown}
   (You found it on level 6 of the Dungeon)

   [ring of magical power]

   It affects your accuracy and damage with ranged weapons and melee attacks
   (+5).
   It affects your magic capacity (+9).
 C - an uncursed ring of protection from magic {unknown}
Wands
 q - a wand of digging (12/24)
 t - a wand of acid (1/15)
 x - a wand of confusion (34/48)
 y - a wand of paralysis (12/24)
 B - a wand of flame (33/48)
Scrolls
 e - 2 scrolls of teleportation
Potions
 h - 5 potions of might {unknown}
 j - a potion of degeneration {unknown}
 k - a potion of resistance
 l - a potion of curing
 o - 3 potions of heal wounds {unknown}
 r - a potion of ambrosia {unknown}
 u - a potion of haste {unknown}
 v - a potion of berserk rage {unknown}
 z - a potion of lignification {unknown}
Books
 s - a book of Minor Magic

   Spells                             Type                      Level
   a - Magic Dart                     Conjuration                  1
   b - Blink                          Translocation                2
   c - Call Imp                       Summoning                    2
   d - Slow                           Hexes                        2
   e - Conjure Flame                  Conjuration/Fire             3
   f - Mephitic Cloud                 Conjuration/Poison/Air       3
Comestibles
 f - a bread ration
 g - 3 meat rations
 p - 3 fruits


   Skills:
 + Level 4.7 Fighting
 + Level 0.2 Short Blades
 + Level 8.5 Bows
 + Level 3.1 Armour
 + Level 2.9 Dodging
 + Level 1.0 Stealth


You had 5 spell levels left.
You knew the following spells:

 Your Spells              Type           Power        Failure   Level  Hunger
a - Magic Dart            Conj           #...         45%         1    ##.....


Dungeon Overview and Level Annotations

Branches:
Dungeon (6/15)
 Temple: D:4-7

Altars:

Shops:
D:4 [


Innate Abilities, Weirdness & Mutations

You reflexively headbutt those who attack you in melee.
You have a pair of horns on your head.


Message History

The ogre hits you with a giant club!!
Firing (i - inventory):
d - 33 arrows (quivered)
Press: ? - help, Shift-Dir - straight line, f/p - ogre
Aim: an ogre, wielding a giant club (moderately wounded)
You shoot an arrow. The arrow hits the ogre.
The ogre is heavily wounded.
The ogre hits you with a giant club!!
* * * LOW HITPOINT WARNING * * *
Firing (i - inventory):
d - 32 arrows (quivered)
Press: ? - help, Shift-Dir - straight line, f/p - ogre
Aim: an ogre, wielding a giant club (heavily wounded)
You shoot an arrow. The arrow completely misses the ogre.
Firing (i - inventory):
d - 31 arrows (quivered)
Press: ? - help, Shift-Dir - straight line, f/p - ogre
Aim: an ogre, wielding a giant club (heavily wounded)
You shoot an arrow.
The arrow hits the ogre but does no damage.
The ogre is heavily wounded.
The ogre hits you with a giant club!!
You die...

#.......<## ####
...<.......##....
.........†.......
..............###
#..#
###..###.......#
##..# #.. #.......#
..#..# #. #..#.#..#
....o. .. #..#.#..#
#.#..## ###. #@.#.#
.# .....
........O....# #
#.Z#..###.##(#..#..#
#.<...# #.#........
#......... .
.........
#.O#..###..#
##.#..... #..#.## ..
....... #..# # ..
.##.#. #...


You could see an ogre.

Vanquished Creatures
  An ogre (D:5)
  A bullfrog (D:5)
  A scorpion (D:5)
  2 howler monkeys (D:4)
  A crimson imp (D:5)
  A bullfrog zombie (D:5)
  An orc priest (D:5)
  2 hounds
  2 orc wizards (D:5)
  Jessica (D:3)
  2 worker ants
  Robin (D:3)
  6 adders
  An ooze (D:2)
  4 worms
  A dart slug (D:3)
  4 leopard geckos
  9 orcs
  2 ball pythons (D:4)
  6 giant cockroaches
  8 goblins (D:3)
  15 hobgoblins
  6 jackals
  4 bats
  A frilled lizard (D:3)
  2 kobolds (D:1)
  A leopard gecko skeleton (D:5)
  2 rats
  A plant (D:1)
89 creatures vanquished.

Notes
Turn   | Place    | Note
-------+----------+-------------------------------------------
     0 | D:1      | Alfie the Minotaur Hunter began the quest for the Orb.
     0 | D:1      | Reached XP level 1. HP: 18/18 MP: 0/0
   177 | D:1      | Reached XP level 2. HP: 25/25 MP: 1/1
   839 | D:2      | Reached skill level 5 in Bows
   853 | D:2      | Reached XP level 3. HP: 6/31 MP: 2/2
   937 | D:2      | Found a faded altar of an unknown god.
   974 | D:2      | Reached skill level 1 in Armour
  1270 | D:2      | Reached XP level 4. HP: 29/38 MP: 3/3
  1501 | D:3      | Noticed Robin
  1507 | D:3      | Killed Robin
  1576 | D:3      | Learned a level 1 spell: Magic Dart
  2283 | D:3      | Noticed Jessica
  2285 | D:3      | Killed Jessica
  2285 | D:3      | Reached skill level 6 in Bows
  2285 | D:3      | Reached XP level 5. HP: 45/45 MP: 4/4
  2434 | D:4      | Reached skill level 1 in Stealth
  2650 | D:4      | Reached XP level 6. HP: 24/52 MP: 5/5
  2712 | D:4      | Found Opoymea's Antique Armour Shop.
  2932 | D:5      | Entered Level 5 of the Dungeon
  2937 | D:4      | Reached skill level 7 in Bows
  3387 | D:5      | Reached XP level 7. HP: 56/59 MP: 6/6
  3521 | D:5      | Reached skill level 8 in Bows
  3869 | D:6      | Got a vibrating tin ring
  3875 | D:6      | Mangled by an ogre

Skill      XL: |  1  2  3  4  5  6  7 |
---------------+----------------------+-----
Fighting       | 3 4 |  4.7
Bows           | 5 6 7 8 |  8.5
Armour         | 1 2 3 |  3.1
Stealth        | 1 |  1.0
Short Blades   | |  0.2
Dodging        | |  2.9

Action                   |  1- 3 |  4- 6 |  7- 9 || total
-------------------------+-------+-------+-------++-------
Melee: Short sword       |    63 |     1 |       ||    64
       Headbutt          |    11 |       |       ||    11
 Fire: Shortbow          |    62 |   196 |    43 ||   301
  Use: Scroll            |     5 |     5 |     1 ||    11
       Potion            |     1 |     1 |       ||     2
  Eat: Bread ration      |     1 |       |     1 ||     2
       Royal jelly       |       |     2 |       ||     2
Armor: Leather armour    |    13 |    11 |       ||    24
Dodge: Dodged            |    41 |    41 |     1 ||    83
